Map: World of Sleepers LE

Players

DPGPartinG (PartinG) - Winner!

  • Race: Protoss Protoss
  • League: Grandmaster
  • Spawn Location: 1:00

DRG

  • Race: Zerg Zerg
  • League: Master
  • Spawn Location: 7:00

VOD

Have the link to the VOD?

Description

Time

  • Played on: Jan. 9, 2020, 5:22 a.m.
  • Length: 6:29
Show
View Real Time Build Order
Export as new Build Order

DPGPartinG Protoss - Winner!

Build Orders:  

Get SALT Encoding   

  12  0:00  Probe  
  13  0:13  Probe  
  14  0:17  Pylon  
  14  0:25  Probe (Chrono Boost)  
  15  0:37  Probe (Chrono Boost), Gateway  
  16  0:45  Probe (Chrono Boost)  
  16  0:46  Assimilator  
  17  0:51  Probe  
  18  1:00  Forge  
  18  1:03  Probe  
  19  1:15  Probe  
  19  1:16  Pylon  
  20  1:24  Cybernetics Core  
  20  1:28  Probe  
  21  1:36  Photon Cannon  
  21  1:45  Assimilator  
  21  1:57  Pylon  
  21  2:05  Photon Cannon  
  21  2:09  Robotics Facility  
  21  2:16  Shield Battery  
  21  2:18  Shield Battery  
  21  2:28  Pylon  
  21  2:39  Photon Cannon  
  21  2:50  Shield Battery  
  21  2:54  Shield Battery  
  21  2:58  Observer (Chrono Boost)  
  22  3:07  Shield Battery  
  22  3:15  Immortal (Chrono Boost)  
  25  3:28  Shield Battery  
  25  3:29  Shield Battery  
  25  3:37  Warp Gate  
  25  3:45  Warp Prism (Chrono Boost)  
  27  3:57  Shield Battery  
  27  4:11  Immortal (Chrono Boost)  
  31  4:32  Shield Battery  
  31  4:33  Shield Battery  
  31  4:35  Observer  
  31  4:44  Probe  
  32  4:52  Immortal (Chrono Boost)  
  36  4:56  Probe  
  37  5:00  Pylon  
  37  5:02  Assimilator  
  37  5:28  Immortal (Chrono Boost)  
  41  5:37  Shield Battery  
  41  5:38  Photon Cannon  
  41  5:39  Shield Battery  
  41  5:59  Adept  
  41  6:02  Pylon  
Show
View Real Time Build Order
Export as new Build Order

DRG Zerg 

Build Orders: Hatch First 

Get SALT Encoding   

  12  0:00  Drone  
  13  0:12  Overlord  
  13  0:16  Drone  
  14  0:30  Drone x2  
  16  0:47  Hatchery  
  15  0:51  Drone  
  15  0:54  Drone  
  17  0:57  Drone  
  18  1:07  Extractor  
  17  1:13  Spawning Pool  
  17  1:16  Drone  
  17  1:19  Drone  
  18  1:27  Drone  
  19  1:38  Drone  
  20  1:49  Hatchery  
  19  2:01  Spine Crawler  
  19  2:02  Zergling x4  
  19  2:05  Queen  
  19  2:06  Spine Crawler  
  19  2:07  Zergling x2  
  23  2:10  Zergling x2  
  23  2:13  Zergling x2  
  25  2:26  Zergling x4  
  27  2:32  Metabolic Boost  
  26  2:46  Spine Crawler  
  26  2:49  Queen  
  27  2:53  Zergling x2  
  27  2:58  Zergling x2  
  27  2:59  Zergling x2  
  28  3:16  Zergling x2  
  28  3:17  Overlord  
  28  3:20  Overlord  
  28  3:24  Overlord  
  27  3:35  Queen  
  27  3:36  Overlord  
  27  3:41  Drone x2  
  31  3:43  Drone  
  31  3:48  Drone  
  33  3:50  Drone  
  33  3:53  Drone  
  35  4:05  Queen  
  37  4:11  Queen  
  37  4:15  Drone x2  
  41  4:31  Drone x3  
  41  4:34  Drone x2  
  48  4:46  Queen  
  48  4:52  Lair  
  48  4:53  Zergling x2  
  48  4:57  Zergling x6  
  50  5:03  Zergling x4  
  50  5:04  Zergling x2  
  52  5:08  Extractor  
  52  5:11  Zergling x2  
  52  5:18  Zergling x4  
  53  5:22  Spawning Pool  
  52  5:30  Extractor  
  44  5:53  Spire  
  38  6:09  Zergling x18  
Tags
 
Add a new tag
Caveats
  • Supply blocks, unpowered buildings, or Contaminate may cause inaccurate times.
  • Supply counts are checked every 10 seconds.